 Dungeon Crawl Stone Soup version 0.22-a0-179-gb5258fd (webtiles) character file.

53 wolfsongas the Covered (level 3, -5/31 HPs)
             Began as a Gnoll Wanderer on Feb 13, 2018.
             Slain by Sigmund
             ... wielding a +0 scythe
              (6 damage)
             ... on level 2 of the Dungeon.
             The game lasted 00:03:12 (1096 turns).

wolfsongas the Covered (Gnoll Wanderer)             Turns: 1096, Time: 00:03:12

Health: -5/31      AC:  8    Str: 17    XL:     3   Next: 89%
Magic:  5/5        EV: 11    Int: 12    God:
Gold:   31         SH:  0    Dex: 19    Spells: 4/4 levels left

rFire    . . .     SeeInvis .   d - +0 club
rCold    + . .     Gourm    .   (no shield)
rNeg     . . .     Faith    .   b - +0 ring mail
rPois    .         Spirit   .   (no helmet)
rElec    .         Reflect  .   (no cloak)
rCorr    +         Harm     .   (no gloves)
MR       .....                  e - +1 pair of boots
Stlth    +.........             (no amulet)
HPRegen  0.10/turn              n - ring of resist corrosion
MPRegen  0.09/turn              p - +3 ring of dexterity

@: no status effects
A: distributed training, fangs 1, hooves 1, cold resistance 1, strong 1, sturdy
frame 1, strong nose
a: no special abilities


You were on level 2 of the Dungeon.
You were hungry.

You visited 1 branch of the dungeon, and saw 2 of its levels.

You collected 31 gold pieces.

Inventory:

Hand Weapons
 d - a +0 club (weapon)
 o - a +0 hunting sling
Missiles
 g - 73 stones (quivered)
 h - 25 arrows
Armour
 b - a +0 ring mail (worn)
 e - a +1 pair of boots (worn)
Jewellery
 n - a ring of resist corrosion (left hand)
 p - a +3 ring of dexterity (right hand)
Wands
 a - a wand of paralysis (15)
Scrolls
 c - a scroll of teleportation
 l - 2 scrolls of remove curse {unknown}
 q - a scroll of immolation {unknown}
Potions
 k - 2 potions of mutation
 m - a potion of ambrosia
Comestibles
 f - 5 rations
 i - a chunk of flesh


   Skills:
 + Level 4.6 Fighting
 + Level 1.0 Short Blades
 + Level 1.0 Long Blades
 + Level 1.0 Axes
 + Level 1.0 Maces & Flails
 + Level 1.0 Polearms
 + Level 1.0 Staves
 + Level 1.0 Slings
 + Level 2.6 Bows
 + Level 1.0 Crossbows
 + Level 2.6 Throwing
 + Level 4.6 Armour
 + Level 1.0 Dodging
 + Level 1.0 Stealth
 + Level 1.0 Shields
 + Level 1.0 Unarmed Combat
 + Level 1.0 Spellcasting
 + Level 0.7 Conjurations
 + Level 0.7 Hexes
 + Level 0.7 Charms
 + Level 0.7 Summonings
 + Level 0.7 Necromancy
 + Level 3.8 Translocations
 + Level 2.1 Transmutations
 + Level 0.7 Fire Magic
 + Level 0.7 Ice Magic
 + Level 0.7 Air Magic
 + Level 0.7 Earth Magic
 + Level 0.7 Poison Magic
 + Level 1.0 Invocations
 + Level 2.6 Evocations


You had 4 spell levels left.
You didn't know any spells.

Dungeon Overview and Level Annotations

Branches:
Dungeon (2/15)

Altars:

Annotations:
D:2 Sigmund


Innate Abilities, Weirdness & Mutations

Your experience applies equally to all skills.
You have very sharp teeth.
Your uncanny sense of smell can sniff out nearby items.
You have large cloven feet.
Your flesh is cold resistant. (rC+)
Your muscles are strong. (Str +2)
Your movements are slightly less encumbered by armour. (ER -2)


Message History

You hit Sigmund but do no damage.
Sigmund mumbles some strange words.
Sigmund flickers and vanishes!
Deactivating autopickup; reactivate with Ctrl-A.
You closely miss something.
You hear some strange, mumbled words.
A magic dart appears from out of thin air!
The magic dart hits you! Something hits you but does no damage.
You closely miss something. You bite something. Something hits you.
You hit something. You hit something. You bite something. Something hits you!
* * * LOW HITPOINT WARNING * * *
You hit something. Something hits you.
* * * LOW HITPOINT WARNING * * *
You hit something but do no damage.
You hear some strange, mumbled words.
A magic dart appears from out of thin air!
The magic dart hits you!
You hit something but do no damage. You bite something. Something hits you.
You die...

#....#.## #..# ∆
######.####..##
..........##...#
........#.##.#.##
........#.##.#..#
###########.#.##.##.#
#....# #...........#
#....# #.#.#.##.#†)#
#....#
#.#.#.#.@#...(#
#....#
#.#.#.#.{..#......
#....#
#.#.#.###....##(##
#....####.#.#..
+(........
#.........#.###
#(...##. .#
#....######.# .....#
# #...........#
#...(.. .......######
.....# .......#


There were no monsters in sight!

Vanquished Creatures
  Terence (D:2)
  A leopard gecko (D:1)
  A giant cockroach (D:2)
  2 goblins (D:1)
  3 hobgoblins
  9 kobolds
  3 bats
  A frilled lizard (D:1)
  6 rats
27 creatures vanquished.

Notes
Turn   | Place    | Note
-------+----------+-------------------------------------------
     0 | D:1      | wolfsongas the Gnoll Wanderer began the quest for the Orb.
     0 | D:1      | wolfsongas set off with: a wand of paralysis (15), a +0 ring mail, a scroll of teleportation, a +0 club, a ration
     0 | D:1      | Reached XP level 1. HP: 20/20 MP: 2/2
   351 | D:1      | Reached XP level 2. HP: 26/26 MP: 3/3
   664 | D:1      | Gained mutation: You have large cloven feet. [potion of mutation]
   664 | D:1      | Gained mutation: Your flesh is cold resistant. (rC+) [potion of mutation]
   664 | D:1      | Gained mutation: Your movements are slightly less encumbered by armour. (ER -2) [potion of mutation]
   664 | D:1      | Gained mutation: Your muscles are strong. (Str +2) [potion of mutation]
   975 | D:2      | Reached XP level 3. HP: 27/31 MP: 4/4
  1033 | D:2      | Noticed Terence
  1045 | D:2      | Killed Terence
  1045 | D:2      | Reached skill level 1 in Invocations
  1053 | D:2      | Reached skill level 1 in Short Blades
  1053 | D:2      | Reached skill level 1 in Long Blades
  1053 | D:2      | Reached skill level 1 in Axes
  1053 | D:2      | Reached skill level 1 in Maces & Flails
  1053 | D:2      | Reached skill level 1 in Polearms
  1053 | D:2      | Reached skill level 1 in Staves
  1053 | D:2      | Reached skill level 1 in Slings
  1053 | D:2      | Reached skill level 1 in Crossbows
  1053 | D:2      | Reached skill level 1 in Dodging
  1053 | D:2      | Reached skill level 1 in Stealth
  1053 | D:2      | Reached skill level 1 in Shields
  1053 | D:2      | Reached skill level 1 in Unarmed Combat
  1053 | D:2      | Reached skill level 1 in Spellcasting
  1079 | D:2      | Noticed Sigmund
  1094 | D:2      | HP: 1/31 [something (3)]
  1096 | D:2      | Slain by Sigmund

Vault maps used:
D:1:      dpeg_arrival_rooms_b
D:2:      first_ration, uniq_sigmund, uniq_terence

Skill      XL: |  1  2  3 |
---------------+----------+-----
Transmutations | 2 |  2.1
Invocations    | 1 |  1.0
Short Blades   | 1 |  1.0
Long Blades    | 1 |  1.0
Axes           | 1 |  1.0
Maces & Flails | 1 |  1.0
Polearms       | 1 |  1.0
Staves         | 1 |  1.0
Slings         | 1 |  1.0
Crossbows      | 1 |  1.0
Dodging        | 1 |  1.0
Stealth        | 1 |  1.0
Shields        | 1 |  1.0
Unarmed Combat | 1 |  1.0
Spellcasting   | 1 |  1.0
Fighting       | |  4.6
Bows           | |  2.6
Throwing       | |  2.6
Armour         | |  4.6
Conjurations   | |  0.7
Hexes          | |  0.7
Charms         | |  0.7
Summonings     | |  0.7
Necromancy     | |  0.7
Translocations | |  3.8
Fire Magic     | |  0.7
Ice Magic      | |  0.7
Air Magic      | |  0.7
Earth Magic    | |  0.7
Poison Magic   | |  0.7
Evocations     | |  2.6

Action                   || total
-------------------------++-------
Melee: Club              ||    94
       Bite              ||    18
       Kick              ||     1
 Fire: Hunting sling     ||    10
Throw: Stone             ||    26
  Use: Scroll            ||     5
       Potion            ||     5
Armor: Ring mail         ||    68
Dodge: Dodged            ||    88

Table legend:
 A = Spawn XP
 B = Non-spawn XP
 C = Spawn XP percentage of total XP
 D = Spawn monster count
 E = Non-spawn monster count
 F = Spawn count percentage of total count
 G = Total turns spent on level
                    A         B        C        D         E        F      G
               +---------+---------+-------+---------+---------+-------+---------
         Total |       0 |      77 |   0.0 |       0 |      27 |   0.0 |  1096
               +---------+---------+-------+---------+---------+-------+---------
           D:1 |       0 |      32 |   0.0 |       0 |      20 |   0.0 |   929
           D:2 |       0 |      45 |   0.0 |       0 |       7 |   0.0 |   167
               +---------+---------+-------+---------+---------+-------+---------
